 Dungeon Crawl Stone Soup version 0.20.2-3-g29329e0561 (webtiles) character file.

133 Alfie the Skirmisher (level 5, -4/47 HPs)
             Began as a Hill Orc Fighter on Aug 22, 2023.
             Slain by a gnoll
             ... wielding a +0 halberd
              (8 damage)
             ... on level 3 of the Dungeon.
             The game lasted 00:04:54 (1633 turns).

Alfie the Skirmisher (Hill Orc Fighter)             Turns: 1633, Time: 00:04:54

Health: -4/47      AC:  7    Str: 18 (20) XL:     5   Next: 16%
Magic:  5/5        EV:  4    Int:  6 (8)  God:
Gold:   177        SH:  0    Dex:  7 (10) Spells: 4/4 levels left

rFire    . . .     SeeInvis .   a - +0 rapier
rCold    . . .     Gourm    .   c - +0 shield
rNeg     . . .     Faith    .   b - +0 scale mail
rPois    .         Spirit   .   (no helmet)
rElec    .         Reflect  .   (no cloak)
rCorr    .         Harm     .   (no gloves)
MR       .....                  (no boots)
Stlth    ..........             (no amulet)
Regen    0.2/turn               (no ring)
MPRegen  0.1/turn               (no ring)

@: held, hasted, very quick
A: no striking features
a: no special abilities


You were on level 3 of the Dungeon.
You were not hungry.

You visited 1 branch of the dungeon, and saw 3 of its levels.

You collected 177 gold pieces.

Inventory:

Hand Weapons
 a - a +0 rapier (weapon)
Armour
 b - a +0 scale mail (worn)
 c - a +0 shield (worn)
Jewellery
 n - an uncursed ring of resist corrosion
Wands
 p - a wand of scattershot (4/9)
Scrolls
 j - 2 scrolls of identify
 k - a scroll of recharging
Potions
 d - a potion of might
 e - a potion of haste
 i - 2 potions of degeneration
 l - a potion of curing {unknown}
Comestibles
 f - 3 bread rations
 g - a royal jelly
 h - 6 fruits


   Skills:
 + Level 4.4 Fighting
 + Level 3.4 Short Blades
 + Level 3.8 Armour
 + Level 0.5 Dodging
 + Level 4.1 Shields


You had 4 spell levels left.
You didn't know any spells.

Dungeon Overview and Level Annotations

Branches:
Dungeon (3/15)

Altars:
Elyvilon
Nemelex Xobeh
Yredelemnul


Message History

You struggle against the net.
The gnoll hits you.
The gnoll hits you from afar with a spear.
The gnoll hits you from afar with a spear!
You tear a large gash into the net.
The gnoll hits you from afar with a halberd!
The gnoll hits you.
The gnoll hits you from afar with a spear.
* * * LOW HITPOINT WARNING * * *
The gnoll hits you from afar with a spear.
* * * LOW HITPOINT WARNING * * *
It was a potion of degeneration.
There was something very wrong with that liquid.
You feel weakened.
You feel dopey.
You feel clumsy. The gnoll barely misses you.
The gnoll hits you but does no damage.
The gnoll hits you from afar with a spear.
* * * LOW HITPOINT WARNING * * *
The gnoll hits you but does no damage.
It was a potion of haste.
You feel yourself speed up.
The gnoll hits you from afar with a halberd!
You die...

#. .. #. ####.# #. #+ #
..#.# #. ... #.##.#.#
##. .... #.##.#.# #..
..... ####......# #.#
.$..$g##.........#####.#
.....gg@................
.....g##.#..[....#####.#
..... #.##..###.# #.#
.... #.###.# #.# #.# ...
#.# #.###.# #.. #+ #.#
#.....# ### #.
#.###.###.# #.
#.........#
##.##########.#####


You could see 4 gnolls.

Vanquished Creatures
  6 adders
  2 oozes (D:2)
  2 dart slugs
  A leopard gecko (D:2)
  3 bats
  2 giant cockroaches
  7 goblins
  8 hobgoblins
  7 jackals (D:3)
  6 kobolds
  A quokka (D:2)
  A ball python (D:2)
  3 frilled lizards (D:1)
  16 rats
65 creatures vanquished.

Notes
Turn   | Place    | Note
-------+----------+-------------------------------------------
     0 | D:1      | Alfie the Hill Orc Fighter began the quest for the Orb.
     0 | D:1      | Reached XP level 1. HP: 19/19 MP: 1/1
    53 | D:1      | Reached XP level 2. HP: 22/27 MP: 2/2
   272 | D:1      | Reached XP level 3. HP: 11/33 MP: 3/3
   652 | D:2      | Reached XP level 4. HP: 27/40 MP: 4/4
   769 | D:2      | Found a sparkling altar of Nemelex Xobeh.
  1122 | D:3      | Found a basalt altar of Yredelemnul.
  1407 | D:3      | Reached XP level 5. HP: 41/47 MP: 5/5
  1555 | D:3      | Found a white marble altar of Elyvilon.
  1633 | D:3      | Slain by a gnoll

Skill      XL: |  1  2  3  4 |
---------------+-------------+-----
Fighting       | 4 |  4.4
Short Blades   | 3 |  3.4
Shields        | 4 |  4.1
Armour         | |  3.8
Dodging        | |  0.5

Action                   |  1- 3 |  4- 6 || total
-------------------------+-------+-------++-------
Melee: Rapier            |   143 |   112 ||   255
  Use: Scroll            |       |     5 ||     5
       Potion            |       |     2 ||     2
  Eat: Fruit             |       |     3 ||     3
Armor: Scale mail        |    75 |    49 ||   124
Dodge: Dodged            |    50 |    30 ||    80
Block: Shield            |    83 |    59 ||   142
